 Dungeon Crawl Stone Soup version 0.13-a0-2676-gd993d8a (webtiles) character file.

505 Rycklaryybbe the Firebug (level 6, 0/36 HPs)
             Began as a High Elf Fire Elementalist on Aug 12, 2013.
             Was an Initiate of Vehumet.
             Slain by a phantom (6 damage)
             ... on Level 5 of the Dungeon.
             The game lasted 00:13:05 (4936 turns).

Rycklaryybbe the Firebug (HEFE)                     Turns: 4936, Time: 00:13:05

HP   0/36        AC  7     Str  8      XL: 6   Next: 39%
MP  12/18        EV  9     Int 19      God: Vehumet [......]
Gold 143         SH  0     Dex 17      Spells:  3 memorised,  7 levels left

Res.Fire  : . . .   See Invis. : .   n - +0,+1 elf short sword
Res.Cold  : . . .   Warding    : .   q - +2 ring mail {rPois}
Life Prot.: . . .   Conserve   : .   (no shield)
Res.Poison: +       Res.Corr.  : .   (no helmet)
Res.Elec. : .       Clarity    : .   (no cloak)
Sust.Abil.: . .     Spirit.Shd : .   (no gloves)
Res.Mut.  : .       Stasis     : .   (no boots)
Res.Rott. : .       Flight     : .   (no amulet)
Saprovore : . . .                    y - ring of teleport control
                                     (no ring)

@: slightly resistant to hostile enchantments, unstealthy
A: no striking features
a: Renounce Religion, Evoke Teleport Control


You were on level 5 of the Dungeon.
You worshipped Vehumet.
Vehumet was noncommittal.
You were not hungry.

You visited 2 branches of the dungeon, and saw 6 of its levels.

You collected 123 gold pieces.

Inventory:

Hand weapons
 n - a +0,+1 elven short sword (weapon)
Armour
 a - a +0 elven robe
 q - a +2 ring mail of poison resistance (worn)
Magical devices
 x - a wand of digging (15) {unknown}
Comestibles
 c - 2 bread rations
 l - a cheese
 o - a pear
 p - a lychee
 u - an orange
Scrolls
 i - 3 scrolls of identify
 j - a scroll of amnesia
 m - a scroll of blinking
 r - 2 scrolls of teleportation
 v - a scroll of fog {unknown}
Jewellery
 w - an uncursed ring of teleportation
 y - a ring of teleport control (right hand)
Potions
 e - a potion of agility
 f - a potion of speed
 g - a potion of berserk rage {unknown}
 h - 2 potions of might {unknown}
 t - a potion of curing
Books
 b - a book of Flames

   Spells                             Type                      Level
   *Flame Tongue                      Conjuration/Fire             1
   *Throw Flame                       Conjuration/Fire             2
   *Conjure Flame                     Conjuration/Fire             3
   Inner Flame                        Hexes/Fire                   3
   Sticky Flame                       Conjuration/Fire             4
   Fireball                           Conjuration/Fire             5
 s - a book of Battle

   Spells                             Type                      Level
   Infusion                           Charms                       1
   Shroud of Golubria                 Charms/Translocation         2
   Song of Slaying                    Charms                       2
   Spectral Weapon                    Hexes/Charms                 3
   Regeneration                       Charms/Necromancy            3
   Song of Shielding                  Charms                       4


   Skills:
 - Level 2.1 Armour
 - Level 2.1 Dodging
 - Level 2.1 Stealth
 + Level 4.1 Spellcasting
 - Level 1.1 Conjurations
 + Level 5.5 Fire Magic


You had 7 spell levels left.
You knew the following spells:

 Your Spells              Type           Power        Failure   Level  Hunger
a - Flame Tongue          Conj/Fire      ###..        10%         1    None
b - Throw Flame           Conj/Fire      ###...       14%         2    #......
c - Conjure Flame         Conj/Fire      ###.....     24%         3    ###....


Dungeon Overview and Level Annotations

Branches:
Dungeon (5/27)             Temple (1/1) D:5

Altars:
Ashenzari
Cheibriados
Elyvilon
Fedhas
Kikubaaqudgha
Makhleb
Nemelex Xobeh
Okawaru
Sif Muna
Trog
Vehumet
Xom
Yredelemnul
Zin
the Shining One


Message History

Confirm with . or Enter, or press ? or * to list all spells.
Aiming: Flame Tongue
Press: ? - help, Shift-Dir - straight line, f/p - phantom
Aim: a phantom (moderately damaged)
The flame misses the phantom.
The phantom hits you.
* * * LOW HITPOINT WARNING * * *
Casting: Flame Tongue
Confirm with . or Enter, or press ? or * to list all spells.
Aiming: Flame Tongue
Press: ? - help, Shift-Dir - straight line, f/p - phantom
Aim: a phantom (moderately damaged)
The flame misses the phantom.
The phantom hits you but does no damage.
Casting: Flame Tongue
Confirm with . or Enter, or press ? or * to list all spells.
Aiming: Flame Tongue
Press: ? - help, Shift-Dir - straight line, f/p - phantom
Aim: a phantom (moderately damaged)
The flame misses the phantom.
The phantom hits you.
You die...

. .# ######.# ......# .....#
....# ...# #..# #@.# ...
####p.# #... #.(.5.# #...
#...(.########...
.######...............####
...........##########.#..
.######....#.......##.#.#
###.#######(#.#.#####.##(#.###
...........(....(.....5..(((p.


You could see a phantom and a crimson imp.

Vanquished Creatures
  A centaur (D:5)
  A giant frog (D:5)
  An orc wizard (D:3)
  2 worker ants (D:4)
  7 adders
  A giant eyeball (D:3)
  5 orcs
  A ball python (D:4)
  3 giant cockroaches
  9 goblins
  11 hobgoblins
  3 jackals (D:1)
  3 kobolds
  7 bats
  4 giant geckos
  4 giant newts
  A goblin zombie (D:5)
  An orc skeleton (D:4)
  A quokka (D:2)
  16 rats
82 creatures vanquished.

Notes
Turn   | Place    | Note
--------------------------------------------------------------
     0 | D:1      | Rycklaryybbe, the High Elf Fire Elementalist, began the quest for the Orb.
     0 | D:1      | Reached XP level 1. HP: 11/11 MP: 4/4
   658 | D:1      | Reached XP level 2. HP: 17/17 MP: 5/5
   880 | D:1      | Learned a level 2 spell: Throw Flame
  1664 | D:1      | Reached XP level 3. HP: 21/21 MP: 8/8
  2222 | D:2      | Reached skill level 4 in Fire Magic
  2222 | D:2      | Reached XP level 4. HP: 19/27 MP: 8/12
  3062 | D:3      | Reached skill level 1 in Armour
  3446 | D:3      | Learned a level 3 spell: Conjure Flame
  3656 | D:3      | Reached XP level 5. HP: 31/31 MP: 11/14
  4143 | D:4      | Paralysed by a potion of paralysis for 4 turns
  4515 | D:5      | Entered Level 5 of the Dungeon
  4516 | D:5      | Found a staircase to the Ecumenical Temple.
  4564 | Temple   | Entered the Ecumenical Temple
  4619 | Temple   | Became a worshipper of Vehumet
  4765 | D:5      | Noticed a centaur
  4777 | D:5      | Killed a centaur
  4777 | D:5      | Reached skill level 5 in Fire Magic
  4777 | D:5      | Reached XP level 6. HP: 13/36 MP: 9/17
  4868 | D:5      | Noticed a phantom
  4936 | D:5      | Slain by a phantom

Action                   |  1- 3 |  4- 6 || total
-------------------------+-------+-------++-------
Melee: Unarmed           |    25 |       ||    25
       Short sword       |    28 |    81 ||   109
 Cast: Flame Tongue      |    47 |    75 ||   122
       Throw Flame       |     1 |     1 ||     2
Evoke: Wand              |       |     1 ||     1
  Use: Scroll            |       |    11 ||    11
       Potion            |       |     8 ||     8
 Stab: Sleeping          |     1 |     1 ||     2
